 Dungeon Crawl Stone Soup version 0.31.0-1-g2c135a008e (webtiles) character file.

Game seed: 12593963762767670236

119 qw the Shooter (level 5, 0/40 HPs)
             Began as a Djinni Hunter on Jan 23, 2024.
             Killed by nerve-wracking pain
             ... invoked by Grinder
              (5 damage)
             ... on level 3 of the Dungeon.
             The game lasted 00:00:06 (1888 turns).

qw the Shooter (Djinni Hunter)                      Turns: 1888, Time: 00:00:07

Health: 0/40       AC:  5    Str: 10    XL:     5   Next: 24%
Gold:   173        EV: 11    Int: 11    God:
                   SH:  0    Dex: 18

rFire   + + .        a - +0 shortbow
rCold   x . .        (shield currently unavailable)
rNeg    . . .        d - +0 ring mail
rPois   inf          (no helmet)
rElec   .            (no cloak)
rCorr   .            (no gloves)
SInv    .            (boots unavailable)
Will    .....        (no amulet)
Stlth   +            (no ring)
HPRegen 0.26/turn    (no ring)
MPRegen 0.00/turn

%: infuse magic (-1 HP)
@: flying
A: sickness immunity, fire resistance 2, cold vulnerability 1, float, innate
caster, HP casting, extra vitality 1
a: no special abilities


You were on level 3 of the Dungeon.
You visited 1 branch of the dungeon, and saw 3 of its levels.

You collected 173 gold pieces.


Innate Abilities, Weirdness & Mutations

You are immune to sickness and miasma.
You are immune to poison.
Your flesh is very heat resistant. (rF++)
You are vulnerable to cold. (rC-)
You float through the air rather than walking.
You learn spells naturally, not from books.
Your magical power is your life essence.
You have superior vitality. (+4 MHP)


   Skills:
 - Level 3.4 Fighting
 + Level 4.3 Ranged Weapons
 - Level 1.0 Armour
 - Level 2.1 Dodging
 - Level 0.7 Stealth


You knew the following spells:

 Your Spells              Type           Power      Damage    Failure   Level
a - Summon Small Mammal   Summ           0%         N/A       65%         1
b - Ensorcelled Hibernat  Hex/Ice        0%         N/A       80%         2
Your spell library was empty.

Inventory:

Hand Weapons
 a - a +0 shortbow (weapon)
Armour
 d - a +0 ring mail (worn)
Potions
 g - a potion of degeneration {unknown}
 h - 2 potions of attraction {unknown}
 j - a potion of resistance {unknown}
 l - a potion of curing {unknown}

Dungeon Overview and Level Annotations

Branches:
Dungeon (3/15)

Altars:

Shops:
D:2 =

Annotations:
D:3 Grinder


Message History

You shoot an arrow. The arrow hits the hobgoblin.
You kill the hobgoblin!
Grinder hits you but does no damage. Grinder hits you!
You writhe in agony.
You shoot an arrow.
The arrow hits Grinder but does no damage.
Grinder is lightly wounded.
Grinder blinks!
You shoot an arrow. The arrow hits Grinder.
Grinder is lightly wounded.
You shoot an arrow. The arrow hits Grinder.
Grinder is moderately wounded.
You shoot an arrow. The arrow hits Grinder.
Grinder is moderately wounded.
Grinder gestures at you. You resist with significant effort.
You shoot an arrow. The arrow hits Grinder.
Grinder is moderately wounded.
Grinder gestures at you. Pain shoots through your body!
You shoot an arrow. The arrow hits Grinder.
Grinder is moderately wounded.
Grinder blinks!
You shoot an arrow. The arrow barely misses Grinder.
You shoot an arrow. The arrow hits Grinder!
Grinder is heavily wounded.
You shoot an arrow.
The arrow hits Grinder but does no damage.
Grinder is heavily wounded.
You shoot an arrow. The arrow hits Grinder.
Grinder is heavily wounded.
Grinder misses you.
You shoot an arrow. The arrow barely misses Grinder.
Grinder hits you.
You writhe in agony.
You shoot an arrow. The arrow hits Grinder!
Grinder is almost dead.
Grinder hits you but does no damage. Grinder gestures at you.
Pain shoots through your body!
You die...
Grinder sighs, "Dead already?
I want a refund."

..## #...
.. ###..#
#..# #.#
...?##..#
...
#......##
#.#
#.#....#
#..###.<.#
#.......#
##.5%##.#
#..@# ...
#...#
.....
#...#
......
#...#
......
#...#
.[....
#...#
#####


You could see Grinder.

Vanquished Creatures
  An orc priest (D:2)
  3 adders
  A dart slug (D:1)
  A ribbon worm (D:2)
  2 orcs (D:2)
  2 endoplasms (D:1)
  2 giant cockroaches (D:1)
  4 goblins (D:1)
  8 hobgoblins
  7 jackals
  2 quokkas
  5 ball pythons
  4 bats
  A frilled lizard (D:1)
  3 kobolds
  5 rats
51 creatures vanquished.

Notes
Turn   | Place    | Note
-------+----------+-------------------------------------------
     0 | D:1      | qw the Djinni Hunter began the quest for the Orb.
     0 | D:1      | Reached XP level 1. HP: 18/18 MP: 0/0
     0 | D:1      | 0 ||| qw: Version: 0.3-a-135-gb77e89d
     0 | D:1      | 0 ||| qw: Game counter: 954
     0 | D:1      | 0 ||| qw: Melee chars always use a shield: true
     0 | D:1      | 0 ||| qw: God list: Okawaru
     0 | D:1      | 0 ||| qw: Allow faded altars: false
     0 | D:1      | 0 ||| qw: Do Orc after clearing Dungeon:15 true
     0 | D:1      | 0 ||| qw: Do second Lair branch before Depths: true
     0 | D:1      | 0 ||| qw: Lair rune preference: random
     0 | D:1      | 0 ||| qw: Goals: Normal
     0 | D:1      | 0 ||| PLANNING D:1-11
   109 | D:1      | Reached XP level 2. HP: 15/23 MP: 0/0
   150 | D:1      | Found a faded altar of an unknown god.
   393 | D:1      | Reached skill level 4 in Ranged Weapons
   393 | D:1      | Reached XP level 3. HP: 26/28 MP: 0/0
   393 | D:1      | Learned a level 1 spell: Summon Small Mammal
   918 | D:1      | 918 ||| UPGRADING to +0 ring mail.
   928 | D:1      | 928 ||| DROPPING +0 leather armour.
   929 | D:1      | 929 ||| DROPPING +6 ring of intelligence.
   930 | D:1      | 930 ||| READING scroll labelled LUEMPE LEFOME.
   933 | D:1      | 933 ||| DROPPING scroll of butterflies.
   967 | D:2      | Reached XP level 4. HP: 33/34 MP: 0/0
   994 | D:2      | Reached skill level 1 in Armour
  1022 | D:2      | Reached skill level 3 in Fighting
  1134 | D:2      | HP: 7/35 [adder (4)]
  1334 | D:2      | Reached XP level 5. HP: 33/40 MP: 0/0
  1334 | D:2      | Learned a level 2 spell: Ensorcelled Hibernation
  1439 | D:2      | Found Hixog's Jewellery Shoppe.
  1447 | D:2      | 1447 ||| SHOPLISTING +5 ring of evasion (360 gold, have
                  | 124).
  1447 | D:2      | 1447 ||| SHOPLISTING +6 ring of dexterity (360 gold, have
                  | 124).
  1447 | D:2      | 1447 ||| SHOPLISTING +6 ring of strength (360 gold, have
                  | 124).
  1840 | D:2      | 1840 ||| READING scroll labelled RIPTUI ZEOSALL.
  1841 | D:2      | 1841 ||| READING scroll labelled RAREAR NIYVERR.
  1842 | D:2      | 1842 ||| READING scroll labelled MOSMYWNAONU.
  1842 | D:2      | 1842 ||| IDENTIFYING metallic orange potion
  1843 | D:2      | 1843 ||| READING scroll labelled JIARYH ACITWIL.
  1844 | D:2      | 1844 ||| READING scroll labelled CODWEI ORREPN.
  1845 | D:2      | 1845 ||| DROPPING potion of brilliance.
  1865 | D:3      | Noticed Grinder
  1872 | D:3      | Paralysed by Grinder for 3 turns
  1881 | D:3      | HP: 10/40 [Grinder/nerve-wracking pain (8)]
  1887 | D:3      | HP: 9/40 [Grinder (3)]
  1888 | D:3      | Killed from afar by Grinder

Levels and vault maps discovered:
D:1:      lemuel_arrival_river_ford, layout_loops_corners,
          hellmonk_ecumenical_altar_leap_of_faith
D:2:      cheibrodos_pilgrimage, layout_loops_ring, serial_shops, shop
D:3:      layout_rooms, nicolae_sif_muna_condensation, uniq_grinder,
          uniq_sigmund, uniq_crazy_yiuf_cottage

Skill      XL: |  1  2  3  4 |
---------------+-------------+-----
Ranged Weapons | 4 |  4.3
Armour         | 1 |  1.0
Fighting       | 3 |  3.4
Dodging        | |  2.1
Stealth        | |  0.7

Action                     |  1- 3 |  4- 6 || total
---------------------------+-------+-------++-------
   Fire: Shortbow          |    96 |    88 ||   184
    Use: Scroll            |     1 |     5 ||     6
 Armour: Leather armour    |    20 |       ||    20
         Ring mail         |     3 |    58 ||    61
  Dodge: Dodged            |    32 |    53 ||    85

Table legend:
 A = Non-vault XP
 B = Vault XP
 C = Vault XP percentage of total XP
 D = Non-vault monster count
 E = Vault monster count
 F = Vault count percentage of total count
                 A         B        C        D         E       F
            +---------+---------+-------+---------+---------+-------
      Total |     122 |      49 |  28.7 |      48 |       3 |   5.9
            +---------+---------+-------+---------+---------+-------
        D:1 |      55 |       0 |   0.0 |      30 |       0 |   0.0
        D:2 |      52 |      49 |  48.5 |      16 |       3 |  15.8
        D:3 |      15 |       0 |   0.0 |       2 |       0 |   0.0
            +---------+---------+-------+---------+---------+-------
